AoeStats
← Killer13347_tt

Black Forest

507784876Analyzed
3v3 RM · 14d ago on Sep 19, 2026· 36m 43s· 6 players
Game mode
Random Map
Map size
Normal (6 player)
Population
200
Speed
Normal
Resources
Standard
Victory
Conquest
Starting age
Dark Age
Ending age
Imperial Age
RankedLock teamsTeams togetherTeam positionsShared explorationLock speedFull tech treeHidden civsTurbo modeCheats
Victory
Defeat
🇬🇷 Celts · Greece
961
+16
🇱🇹 Hindustanis · Lithuania
939
+17
🇻🇳 Mongols · Vietnam
922
+18
🇿🇦 Franks · South Africa
960
-49
🇿🇦 Goths · South Africa
960
-49
🇺🇸 Franks · United States
960
-49
IgNi
11:30 Feudal Age
15:10 Castle Age
14:39 Double-Bit Axe
14:36 Horse Collar
15:11 Gold Mining
16:31 Heavy Plow
16:53 Bow Saw
17:02 Loom
23:21 Wheelbarrow
23:28 Stone Mining
26:01 Ballistics
25:58 Forging
25:53 Scale Barding Armor
25:42 Fletching
27:28 Grand Trunk Road
28:37 Iron Casting
28:22 Chain Barding Armor
28:04 Scale Mail Armor
29:13 Hand Cart
30:12 Chain Mail Armor
31:02 Bodkin Arrow
35:00 Imperial Age
35:03 Elite Ghulam
36:35 Shatagni
37:59 Blast Furnace
37:01 Bracer
afanas
1:04 Loom
13:38 Feudal Age
14:15 Double-Bit Axe
17:38 Double-Bit Axe
18:11 Forging
18:22 Horse Collar
19:13 Scale Barding Armor
23:13 Castle Age
25:10 Husbandry
25:55 Iron Casting
26:54 Wheelbarrow
26:24 Heavy Plow
26:36 Bow Saw
26:50 Man-at-Arms
27:05 Man-at-Arms
27:32 Gambesons
28:01 Scale Mail Armor
27:52 Long Swordsman
31:03 Hand Cart
35:29 Stone Mining
toilet gaming
1:08 Loom
10:58 Feudal Age
14:51 Double-Bit Axe
17:13 Castle Age
15:58 Gold Mining
15:59 Stone Mining
15:53 Horse Collar
18:19 Town Watch
23:38 Town Watch
25:05 Fletching
25:18 Padded Archer Armor
28:31 Wheelbarrow
28:49 Bodkin Arrow
29:46 Leather Archer Armor
32:15 Thumb Ring
32:28 Hand Cart
36:55 Imperial Age
36:15 Scale Barding Armor
36:34 Nomads
36:38 Squires
36:41 Heavy Plow
37:17 Gold Shaft Mining
37:18 Stone Shaft Mining
Killer13347_tt
4:22 Loom
17:57 Feudal Age
24:55 Arson
33:53 Castle Age
ragnarthered875
12:05 Feudal Age
14:45 Double-Bit Axe
14:57 Horse Collar
20:11 Wheelbarrow
HowlsMysticCharm
14:54 Feudal Age
18:47 Loom
28:57 Castle Age
27:14 Forging
26:56 Arson
31:16 Wheelbarrow
Connection lost

Rejoining the realm…

Still unreachable

The connection could not be restored.

Session expired

The server has moved on; the page needs a fresh start.